Map: Arctic Dream LE

Players

Massa - Winner!

  • Race: Terran Terran
  • League: Platinum
  • Spawn Location: 6:00

qqq - Winner!

  • Race: Zerg Zerg
  • Spawn Location: 5:00

DevilSlayer

  • Race: Protoss Protoss
  • Spawn Location: 11:00

Shinichi

  • Race: Zerg Zerg
  • Spawn Location: 12:00

VOD

Have the link to the VOD?

Description

Time

  • Played on: Nov. 8, 2020, 8:23 a.m.
  • Length: 18:36
Show
View Real Time Build Order
Export as new Build Order

Massa Terran - Winner!

Build Orders:  

Get SALT Encoding   

  12  0:00  SCV  
  13  0:12  SCV  
  14  0:17  Supply Depot  
  14  0:25  SCV  
  15  0:39  SCV, Barracks  
  16  0:50  Refinery  
  16  0:51  SCV  
  17  1:03  SCV  
  18  1:15  SCV  
  19  1:27  SCV  
  20  1:37  Command Center  
  20  1:38  Reaper  
  21  1:40  SCV  
  22  1:52  Orbital Command  
  22  1:56  Supply Depot  
  22  2:13  Marine  
  23  2:18  SCV  
  24  2:25  Factory  
  24  2:34  Command Center  
  24  2:41  SCV  
  25  2:53  SCV  
  26  3:35  Marine  
  26  3:40  SCV x2  
  29  3:52  SCV x2, Marine  
  32  4:04  SCV  
  32  4:05  Orbital Command  
  32  4:09  Orbital Command  
  33  4:39  Engineering Bay  
  33  4:42  Factory Tech Lab, Barracks  
  33  4:43  Refinery  
  33  4:49  Barracks Reactor  
  33  4:50  Barracks  
  33  4:53  Barracks  
  33  4:57  Factory  
  33  5:00  Starport  
  33  5:04  Siege Tank  
  36  5:10  SCV x3  
  39  5:19  Refinery  
  39  5:20  Refinery  
  39  5:22  SCV x3  
  42  5:31  Missile Turret  
  42  5:34  SCV x2, Missile Turret  
  44  5:36  SCV  
  44  5:41  Barracks Tech Lab  
  44  5:42  Barracks Tech Lab  
  45  5:45  Marine x2  
  45  5:46  SCV x2  
  45  5:48  SCV  
  45  5:49  Barracks Tech Lab  
  50  5:51  Factory Tech Lab  
  50  5:52  Missile Turret, Medivac  
  50  5:56  Missile Turret  
  52  5:58  SCV  
  52  5:59  Missile Turret  
  52  6:02  Engineering Bay  
  52  6:03  Marine  
  54  6:10  SCV x3  
  57  6:13  Missile Turret  
  57  6:18  Missile Turret  
  57  6:21  Terran Infantry Weapons Level 1  
  57  6:22  SCV x2, Medivac  
  61  6:25  Armory  
  61  6:26  Stimpack  
  61  6:29  Concussive Shells  
  61  6:41  Supply Depot x2  
  61  6:42  Supply Depot  
  61  6:43  Supply Depot  
  61  6:44  Orbital Command, Supply Depot  
  61  7:02  SCV x2, Marauder, Marine x4, Siege Tank x2  
  61  7:07  Supply Depot  
  75  7:09  SCV, Supply Depot  
  75  7:11  Supply Depot  
  75  7:12  Supply Depot  
  75  7:14  SCV x2  
  78  7:19  Terran Infantry Armor Level 1  
  78  7:20  Sensor Tower, Marine x4  
  78  7:21  SCV  
  83  7:23  Starport Reactor, Marine  
  83  7:26  SCV  
  85  7:36  Refinery  
  85  7:37  Refinery  
  85  7:38  Marauder x2, Marine x2  
  85  7:42  Marauder  
  93  7:50  Missile Turret  
  93  7:56  Marine x2, Missile Turret  
  95  8:10  SCV  
  95  8:11  SCV x2  
  98  8:18  Command Center  
  98  8:19  Siege Tank x2  
  104  8:21  Marauder x3  
  104  8:22  Marine x2  
  104  8:23  SCV x3  
  115  8:27  Terran Infantry Weapons Level 2  
  115  8:31  Viking  
  115  8:32  Viking  
  119  8:35  SCV x3  
  119  8:39  Marine  
  119  8:40  Marine, Combat Shield  
  124  8:42  Marauder x3  
  130  8:51  Siege Tank  
  123  9:03  Marauder  
  108  9:26  Viking x2  
  108  9:29  Marauder  
  108  9:30  Marauder x2, Marine x2  
  120  9:36  SCV x3  
  123  9:48  SCV x3, Marine x2  
  123  9:51  Marauder x2, Marine  
  133  9:54  Missile Turret  
  133  9:55  Viking  
  133  9:56  Missile Turret, Viking  
  137  10:00  SCV x3  
  137  10:05  Marine  
  141  10:09  Marauder  
  143  10:14  Marine  
  143  10:15  Marine x2, Missile Turret  
  146  10:23  Marine  
  147  10:29  Orbital Command  
  147  10:30  Marine  
  147  10:34  Sensor Tower  
  147  10:35  Missile Turret  
  148  10:40  Supply Depot x4  
  148  10:41  Supply Depot  
  148  10:49  Missile Turret  
  148  10:57  Missile Turret  
  148  11:01  Marine x5, Medivac x2  
  157  11:06  Supply Depot  
  157  11:09  Supply Depot  
  157  11:11  Missile Turret  
  151  11:19  Marine x5  
  151  11:20  Missile Turret  
  126  11:31  Medivac x2  
  108  11:37  Marauder x2, Marine x3  
  108  11:39  Siege Tank x2  
  112  11:54  Marine x2, Command Center  
  112  11:55  Marauder  
  112  11:58  Marauder  
  112  11:59  Marauder  
  120  12:01  Medivac x2  
  124  12:11  Terran Infantry Armor Level 2, Terran Infantry Weapons Level 3, Siege Tank x2  
  124  12:12  Marine x2  
  124  12:13  Terran Vehicle Weapons Level 1  
  132  12:16  Marauder  
  132  12:20  Marauder x2  
  138  12:25  Sensor Tower  
  138  12:28  Missile Turret  
  138  12:29  SCV x4  
  142  12:31  Medivac x2  
  146  12:38  Marauder  
  146  12:41  SCV x3, Marauder x2  
  155  12:48  SCV  
  156  12:53  SCV x3  
  159  12:59  Marauder  
  159  13:00  SCV  
  159  13:01  Medivac x2  
  159  13:03  Marauder x2  
  170  13:39  Marauder x2  
  170  13:40  Marauder, Marine x2  
  178  13:46  Barracks x2  
  178  13:47  Barracks  
  178  13:48  Barracks  
  178  13:49  Barracks  
  178  13:58  Marine  
  178  14:01  Marauder x3  
  183  14:08  Terran Vehicle And Ship Armor Level 1  
  182  14:19  Marine x2  
  182  14:22  Marauder x3  
  190  14:36  Factory  
  190  14:37  Marine x2  
  158  14:43  Marauder x2  
  158  14:44  Marauder  
  131  14:52  Barracks Reactor, Barracks Tech Lab x3  
  120  14:53  Barracks Tech Lab  
  120  14:55  Marine x2  
  120  14:57  Siege Tank x2  
  128  15:05  Marauder  
  129  15:12  Marauder x5  
  129  15:13  Marine x2  
  118  15:23  Factory Tech Lab  
  118  15:26  Marauder  
  101  15:29  Planetary Fortress, Siege Tank x2  
  101  15:31  SCV x4, Marine x2  
  101  15:33  Marauder x3  
  101  15:34  Marauder  
  114  15:39  Barracks Tech Lab  
  118  15:42  Siege Tank  
  118  15:43  SCV x2  
  118  15:48  Marauder  
  118  15:49  Marine x2  
  124  15:51  Medivac x2  
  124  15:54  Marauder x2  
  124  15:55  Marauder x2  
  134  16:01  Siege Tank x2  
  140  16:08  Marine x2  
  140  16:09  Marauder  
  144  16:15  Siege Tank  
  144  16:16  Marauder x4  
  155  16:21  Medivac x2  
  157  16:26  Barracks Tech Lab, Marine x2  
  157  16:30  Marauder  
  161  16:33  Siege Tank x2  
  161  16:37  Marauder x2, Marine x2  
  161  16:39  Barracks x2  
  173  16:41  Refinery  
  173  16:44  Marauder, Marine  
  173  16:45  Marine  
  177  16:48  Refinery  
  177  16:49  Refinery  
  177  16:51  Medivac x2  
  177  16:52  Marauder  
  182  16:55  Marauder  
  182  16:56  Marauder  
  182  16:58  Marauder  
  182  16:59  Marauder  
  190  17:02  Marine  
  190  17:03  Marine  
  190  17:05  Siege Tank  
  190  17:06  Marauder  
  190  17:08  Siege Tank  
Show
View Real Time Build Order
Export as new Build Order

qqq Zerg - Winner!

Build Orders: Hatch First, Muta Ling Bane 

Get SALT Encoding   

  12  0:01  Drone  
  13  0:08  Drone  
  14  0:39  Hatchery  
  13  0:47  Drone  
  14  0:58  Spawning Pool  
  13  1:05  Overlord  
  14  1:11  Drone  
  14  1:20  Extractor  
  14  1:22  Drone  
  14  1:23  Drone  
  15  1:31  Drone  
  16  1:43  Drone  
  17  1:52  Queen  
  17  1:53  Drone  
  20  1:55  Drone  
  21  2:12  Drone x2  
  21  2:14  Queen  
  26  2:22  Zergling x2  
  26  2:23  Drone  
  26  2:25  Drone  
  28  2:39  Overlord  
  28  2:40  Overlord  
  28  2:58  Lair  
  28  3:01  Zergling x4  
  28  3:02  Metabolic Boost  
  28  3:05  Drone x3  
  33  3:09  Zergling x2  
  34  3:21  Drone  
  35  3:32  Drone  
  35  3:33  Overlord  
  36  3:36  Extractor  
  36  3:39  Extractor, Drone  
  36  3:41  Drone  
  36  3:42  Hatchery  
  36  3:43  Drone  
  36  3:53  Drone  
  36  3:54  Drone x2  
  39  3:56  Drone x2  
  39  3:58  Drone  
  42  4:04  Drone  
  43  4:11  Overlord  
  43  4:16  Spire  
  42  4:17  Drone  
  42  4:19  Drone  
  42  4:20  Drone  
  45  4:27  Extractor  
  45  4:30  Drone x2  
  46  4:32  Overlord  
  45  4:48  Drone x2  
  47  4:53  Drone  
  47  4:54  Baneling Nest  
  47  4:56  Zergling x4  
  47  4:59  Drone x5  
  54  5:13  Zergling x6  
  57  5:26  Zergling x2  
  57  5:28  Hatchery  
  57  5:30  Mutalisk  
  57  5:31  Mutalisk x3  
  57  5:32  Mutalisk  
  65  5:41  Mutalisk x2  
  67  5:43  Drone x2  
  67  5:45  Drone  
  67  5:49  Queen  
  72  6:00  Drone  
  72  6:01  Overlord x2  
  72  6:02  Overlord  
  73  6:05  Zerg Flyer Weapons Level 1  
  73  6:11  Overlord  
  73  6:27  Mutalisk x2  
  73  6:28  Corruptor  
  73  6:30  Drone x2  
  82  6:32  Drone  
  82  6:37  Corruptor  
  82  6:38  Hatchery  
  82  6:39  Mutalisk  
  79  7:06  Corruptor  
  79  7:07  Corruptor x2  
  77  7:09  Mutalisk  
  77  7:11  Drone x6  
  85  7:21  Corruptor  
  87  7:28  Overlord x3  
  87  7:29  Overlord x2  
  87  7:34  Baneling  
  87  7:37  Extractor  
  87  7:39  Extractor  
  87  7:40  Corruptor  
  87  7:48  Drone  
  87  7:49  Drone x4  
  87  7:50  Drone  
  93  8:00  Zerg Flyer Armor Level 1  
  93  8:04  Centrifical Hooks  
  93  8:25  Drone x3  
  93  8:26  Drone x4  
  99  8:31  Corruptor x3  
  99  8:32  Mutalisk  
  107  8:48  Mutalisk x2  
  103  8:49  Zergling x4  
  103  8:52  Baneling x5  
  93  9:23  Mutalisk x2  
  93  9:24  Corruptor x3  
  94  9:25  Drone x3  
  94  9:26  Drone x7  
  94  9:27  Drone  
  111  9:37  Drone x2  
  113  9:39  Extractor  
  113  9:41  Extractor  
  111  9:49  Drone, Mutalisk, Corruptor x2  
  111  9:50  Hatchery  
  117  9:57  Zerg Flyer Weapons Level 2, Infestation Pit  
  116  10:03  Hatchery  
  115  10:07  Drone  
  115  10:08  Queen  
  115  10:12  Hatchery  
  117  10:18  Zergling x10  
  117  10:19  Zergling x8  
  117  10:20  Drone x2  
  128  10:36  Spine Crawler  
  128  10:38  Spine Crawler  
  128  10:39  Spore Crawler, Corruptor x3  
  128  10:42  Baneling x3  
  131  10:43  Baneling x8  
  131  10:44  Baneling x7  
  131  10:52  Evolution Chamber  
  113  11:33  Mutalisk x2, Corruptor x2  
  113  11:34  Mutalisk  
  113  11:35  Zergling x8  
  113  11:36  Drone x4  
  113  11:37  Drone x2  
  129  11:49  Hive  
  129  11:52  Drone x3  
  129  11:53  Drone x3  
  135  12:02  Drone x5  
  135  12:06  Overlord x4  
  140  12:20  Baneling x2  
  140  12:21  Baneling x6  
  140  12:22  Zergling x2  
  141  12:23  Zergling x12  
  145  12:43  Drone, Zergling x8  
  145  12:44  Drone x7  
  153  12:45  Drone x4  
  153  12:47  Baneling  
  153  12:48  Baneling x13  
  161  12:51  Extractor  
  161  12:53  Extractor  
  161  12:55  Spine Crawler  
  161  12:56  Drone  
  161  12:57  Spine Crawler  
  161  12:58  Spine Crawler  
  157  12:59  Extractor  
  157  13:00  Drone x3, Extractor  
  157  13:03  Spine Crawler  
  157  13:04  Spine Crawler x3  
  157  13:05  Spine Crawler  
  153  13:06  Greater Spire  
  153  13:10  Viper x2  
  153  13:11  Viper  
  162  13:15  Drone x4  
  162  13:19  Corruptor  
  166  13:20  Mutalisk x3  
  166  13:21  Zergling x4  
  166  13:22  Drone x4  
  166  13:26  Baneling x8  
  180  13:29  Drone x2  
  180  13:30  Drone x2  
  184  13:34  Spine Crawler  
  184  13:35  Spine Crawler x2  
  184  13:37  Corruptor x2  
  184  13:39  Drone, Overlord  
  184  13:40  Overlord  
  185  13:54  Spine Crawler  
  185  13:55  Spine Crawler  
  177  13:56  Spine Crawler  
  177  13:57  Spine Crawler  
  177  13:58  Spine Crawler  
  177  13:59  Spine Crawler  
  177  14:00  Spine Crawler x3  
  177  14:01  Spine Crawler  
  177  14:02  Spine Crawler x3  
  167  14:05  Spine Crawler  
  167  14:06  Spine Crawler  
  120  14:30  Zergling x2  
  112  14:31  Zergling x16  
  112  14:32  Zergling x2  
  112  14:33  Zergling x4  
  115  14:43  Corruptor x3  
  117  14:53  Zergling x6  
  117  14:54  Zergling x4  
  117  14:57  Corruptor  
  117  14:59  Corruptor  
  122  15:03  Brood Lord x3  
  122  15:06  Brood Lord x3  
  138  15:08  Brood Lord x5  
  138  15:10  Corruptor x6  
  138  15:13  Baneling x13  
  159  15:16  Zergling x6  
  159  15:17  Corruptor  
  159  15:18  Zergling x8  
  141  15:38  Corruptor x3  
  141  15:39  Corruptor x3  
  148  15:47  Zergling x6  
  139  15:54  Drone  
  139  15:55  Drone x5  
  108  16:08  Hatchery  
  102  16:17  Zergling x8  
  102  16:18  Drone x2, Zergling x4  
  105  16:19  Drone x2  
  105  16:25  Corruptor x3  
  107  16:33  Corruptor x3  
  107  16:39  Baneling x2  
  113  16:40  Baneling x13  
  113  16:52  Corruptor x2  
  117  17:08  Brood Lord  
  117  17:09  Brood Lord, Corruptor x2  
  117  17:11  Drone x5  
  117  17:12  Drone  
  131  17:31  Corruptor x4  
  131  17:33  Drone x2  
  134  17:59  Brood Lord x2  
  134  18:04  Zergling x10  
  143  18:13  Zergling x4, Overlord x2  
  143  18:14  Drone x2  
  143  18:15  Drone  
Show
View Real Time Build Order
Export as new Build Order

DevilSlayer Protoss 

Build Orders: Carriers 

Get SALT Encoding   

  12  0:01  Probe  
  13  0:13  Probe  
  14  0:18  Pylon  
  14  0:25  Probe  
  15  0:37  Probe (Chrono Boost)  
  15  0:42  Gateway  
  16  0:49  Probe (Chrono Boost)  
  17  0:55  Probe (Chrono Boost)  
  18  1:05  Probe  
  18  1:10  Assimilator  
  19  1:11  Assimilator  
  19  1:17  Probe (Chrono Boost)  
  20  1:29  Probe (Chrono Boost)  
  21  1:36  Cybernetics Core  
  21  1:38  Probe (Chrono Boost), Pylon  
  21  2:01  Nexus  
  21  2:08  Probe  
  22  2:21  Probe  
  23  2:26  Protoss Air Weapons Level 1 (Chrono Boost)  
  23  2:33  Probe  
  24  2:47  Pylon  
  24  2:49  Pylon  
  24  2:51  Assimilator  
  24  2:56  Assimilator  
  23  3:04  Stalker  
  23  3:52  Stargate  
  23  3:54  Stalker  
  25  3:58  Probe (Chrono Boost)  
  26  4:06  Forge  
  26  4:08  Probe (Chrono Boost)  
  26  4:13  Probe (Chrono Boost)  
  26  4:24  Probe  
  27  4:32  Probe  
  27  4:37  Probe  
  29  4:41  Phoenix  
  29  4:44  Probe  
  32  4:48  Pylon  
  32  4:49  Probe  
  33  4:56  Probe  
  34  5:01  Stargate  
  34  5:18  Twilight Council  
  32  5:33  Phoenix (Chrono Boost)  
  34  5:37  Probe  
  34  5:38  Probe  
  36  5:49  Phoenix  
  39  5:50  Probe (Chrono Boost), Phoenix  
  39  5:55  Probe (Chrono Boost)  
  42  6:02  Probe (Chrono Boost)  
  43  6:10  Photon Cannon  
  43  6:14  Phoenix  
  45  6:19  Blink (Chrono Boost)  
  45  6:31  Probe  
  46  6:33  Pylon  
  46  6:37  Phoenix  
  48  6:51  Phoenix (Chrono Boost)  
  50  7:08  Phoenix (Chrono Boost)  
  52  7:24  Phoenix (Chrono Boost)  
  52  7:25  Photon Cannon  
  52  7:28  Photon Cannon  
  54  7:35  Photon Cannon  
  54  7:38  Pylon  
  54  7:47  Phoenix  
  54  7:48  Phoenix  
  58  8:00  Probe x2  
  58  8:01  Protoss Air Armor Level 1 (Chrono Boost)  
  60  8:12  Probe  
  61  8:36  Protoss Shields Level 1 (Chrono Boost)  
  61  8:45  Probe x2  
  63  8:51  Photon Cannon  
  63  8:54  Photon Cannon  
  63  8:57  Probe x2  
  65  9:09  Probe x2  
  61  9:19  Phoenix  
  61  9:20  Phoenix  
  61  9:21  Probe  
  64  9:31  Fleet Beacon  
  64  9:36  Probe  
  65  9:44  Phoenix  
  67  9:51  Nexus  
  67  9:54  Assimilator  
  67  9:58  Assimilator  
  67  9:59  Phoenix  
  69  10:03  Pylon  
  69  10:09  Phoenix  
  71  10:22  Pylon  
  71  10:24  Phoenix, Pylon  
  71  10:27  Anion Pulse-Crystals  
  73  10:34  Phoenix  
  75  10:48  Phoenix  
  75  10:49  Probe x2, Protoss Air Weapons Level 2 (Chrono Boost)  
  79  10:59  Phoenix  
  79  11:01  Probe x2  
  83  11:13  Probe x2  
  75  11:37  Carrier x2 (Chrono Boost)  
  75  11:46  Probe x3  
  82  11:58  Probe x2, Flux Vanes  
  82  11:59  Probe  
  85  12:08  Protoss Shields Level 2 (Chrono Boost)  
  85  12:13  Stargate  
  85  12:14  Pylon  
  85  12:21  Cybernetics Core  
  85  12:22  Pylon  
  85  12:30  Carrier (Chrono Boost)  
  97  12:37  Carrier (Chrono Boost)  
  97  12:50  Probe  
  97  12:51  Probe x2  
  100  12:54  Warp Gate (Chrono Boost)  
  100  12:58  Photon Cannon  
  100  12:59  Photon Cannon  
  100  13:01  Photon Cannon  
  100  13:03  Probe x2, Shield Battery  
  108  13:06  Shield Battery  
  108  13:07  Carrier (Chrono Boost)  
  108  13:11  Pylon  
  108  13:14  Pylon  
  108  13:27  Probe  
  114  13:36  Tempest (Chrono Boost)  
  114  13:40  Tempest (Chrono Boost)  
  119  13:43  Protoss Air Weapons Level 3  
  119  13:57  Carrier  
  106  14:12  Phoenix  
  106  14:16  Phoenix  
  68  14:41  Carrier  
  68  14:53  Carrier  
  68  14:54  Unknown  
  72  15:01  Carrier, Stargate  
  72  15:02  Stargate  
  78  15:16  Stalker  
  78  15:19  Charge  
  78  15:45  Carrier  
  84  15:56  Tempest  
  89  16:05  Tempest  
  82  16:21  Tempest  
  76  16:39  Nexus  
  76  16:56  Pylon  
  76  17:04  Assimilator  
  70  17:09  Assimilator  
  70  17:21  Pylon  
  70  17:23  Robotics Facility  
  54  17:57  Probe (Chrono Boost)  
  57  18:10  Observer (Chrono Boost)  
Show
View Real Time Build Order
Export as new Build Order

Shinichi Zerg 

Build Orders: Pool First, Roach Hydra 

Get SALT Encoding   

  12  0:00  Drone  
  13  0:08  Drone  
  14  0:20  Extractor  
  14  0:21  Drone  
  14  0:22  Overlord  
  14  0:41  Drone x2  
  16  0:47  Drone  
  17  0:56  Drone  
  18  1:02  Spawning Pool  
  17  1:05  Drone  
  18  1:16  Drone  
  19  1:31  Drone  
  20  1:33  Hatchery  
  20  1:37  Drone  
  20  1:48  Drone  
  21  1:56  Extractor, Queen  
  21  1:59  Overlord  
  22  2:22  Overlord  
  22  2:29  Overlord  
  22  2:31  Queen  
  24  2:39  Drone  
  24  2:41  Drone  
  26  2:46  Drone  
  27  3:14  Drone x2  
  27  3:15  Drone  
  30  3:27  Roach Warren  
  30  3:29  Drone x5  
  30  3:30  Drone, Hatchery  
  34  3:35  Lair  
  34  3:43  Drone x2  
  34  3:46  Drone  
  37  3:52  Queen  
  39  4:05  Drone x2  
  39  4:06  Drone  
  42  4:20  Overlord x2  
  42  4:22  Drone  
  42  4:23  Drone x3  
  46  4:26  Extractor  
  46  4:27  Extractor  
  46  4:30  Evolution Chamber  
  43  4:32  Evolution Chamber  
  43  4:36  Glial Reconstitution  
  42  4:39  Drone  
  43  4:51  Queen  
  45  4:59  Zerg Missile Weapons Level 1, Zerg Ground Armor Level 1  
  45  5:03  Drone x4  
  45  5:04  Drone  
  50  5:07  Roach x4  
  56  5:29  Roach x2  
  56  5:30  Roach x2  
  64  5:37  Roach  
  64  5:38  Roach x5  
  74  5:50  Overlord x2  
  74  5:51  Overlord  
  74  5:57  Hydralisk Den  
  73  6:08  Queen  
  73  6:09  Overlord  
  73  6:10  Overlord x2  
  75  6:15  Drone x2  
  75  6:17  Drone x2  
  75  6:18  Drone  
  80  6:34  Drone x2  
  80  6:35  Overlord x2  
  80  6:36  Hydralisk x2  
  82  6:55  Hydralisk, Roach  
  82  6:56  Hydralisk x4  
  90  7:03  Drone x5  
  95  7:12  Zerg Missile Weapons Level 2  
  95  7:15  Zerg Ground Armor Level 2  
  95  7:35  Grooved Spines  
  95  7:44  Queen  
  95  7:46  Drone  
  95  7:47  Drone x2  
  95  7:48  Drone x2  
  102  7:51  Hydralisk  
  102  7:52  Hydralisk x5  
  114  8:17  Hydralisk x3  
  114  8:18  Hydralisk x6  
  132  8:41  Hatchery  
  132  8:46  Muscular Augments  
  95  9:49  Hydralisk  
  95  9:50  Roach x6  
  95  9:51  Roach x9  
  127  9:59  Overlord x2  
  127  10:05  Infestation Pit  
  126  10:16  Extractor  
  126  10:17  Extractor  
  126  10:18  Drone  
  126  10:19  Drone x3  
  128  10:27  Hydralisk x2  
  128  10:28  Hydralisk x3, Roach x5  
  148  10:54  Hydralisk x3  
  148  10:55  Roach x3  
  160  11:05  Overlord x4  
  160  11:12  Overlord  
  160  11:13  Overlord x2  
  88  11:34  Hydralisk x2  
  88  11:35  Hydralisk x5, Roach x4  
  88  11:36  Hydralisk x3, Roach x5  
  88  11:37  Roach x2  
  108  11:46  Hive  
  108  11:52  Hydralisk  
  108  11:53  Hydralisk x2, Roach x3  
  120  12:01  Hydralisk x3  
  120  12:02  Hydralisk, Roach x5  
  138  12:24  Drone  
  138  12:27  Hydralisk  
  138  12:28  Hydralisk x3, Roach x3  
  138  12:29  Roach x2  
  157  13:03  Zerg Missile Weapons Level 3, Zerg Ground Armor Level 3  
  157  13:13  Hydralisk x4, Roach  
  157  13:14  Hydralisk x5, Roach x5  
  157  13:15  Roach x4  
  195  13:30  Extractor  
  195  13:31  Extractor, Drone  
  195  13:32  Drone x6  
  198  14:15  Roach  
  145  14:47  Roach  
  145  14:48  Roach x22  
  145  14:49  Roach x2  
  193  15:02  Queen x2  
  193  15:04  Roach  
  137  15:55  Hydralisk x2  
  137  15:56  Hydralisk x16, Roach  
  137  15:57  Hydralisk x8  
  149  16:31  Hydralisk x4, Roach  
  149  16:32  Hydralisk x3, Roach x5  
  175  16:33  Roach x2  
  179  17:12  Overseer x5  
  179  17:16  Hatchery  
  179  17:21  Hatchery  
  177  17:24  Hydralisk x4, Roach  
  177  17:25  Hydralisk, Roach x5  
  127  17:57  Hydralisk  
  127  17:58  Roach  
  129  17:59  Roach  
  129  18:00  Roach x10  
Tags
 
Add a new tag
Caveats
  • Supply blocks, unpowered buildings, or Contaminate may cause inaccurate times.
  • Supply counts are checked every 10 seconds.